 Dungeon Crawl Stone Soup version 0.28.0-53-g5a82cb258f (webtiles) character file.

Game seed: 7732472442794040687

102 Peloso the Covered (level 4, -1/40 HPs)
             Began as a Minotaur Fighter on Aug 6, 2022.
             Killed from afar by an orc wizard (7 damage)
             ... with a magic dart
             ... on level 3 of the Dungeon.
             The game lasted 00:03:27 (2193 turns).

Peloso the Covered (Minotaur Fighter)               Turns: 2193, Time: 00:03:28

Health: -1/40      AC:  7    Str: 21    XL:     4   Next: 50%
Magic:  3/3        EV:  9    Int:  5    God:
Gold:   96         SH:  4    Dex: 11    Spells: 3/3 levels left

rFire   . . .      SeeInvis .   a - +0 long sword
rCold   . . .      Faith    .   c - +0 buckler
rNeg    . . .      Spirit   .   b - +0 scale mail
rPois   .          Reflect  .   (helmet restricted)
rElec   .          Harm     .   (no cloak)
rCorr   .          Rampage  .   (no gloves)
Will    .....                   (no boots)
Stlth   ..........              (no amulet)
HPRegen 0.13/turn               (no ring)
MPRegen 0.08/turn               (no ring)

@: no status effects
A: horns 2, retaliatory headbutt
a: no special abilities


You were on level 3 of the Dungeon.
You visited 1 branch of the dungeon, and saw 3 of its levels.

You collected 96 gold pieces.

Inventory:

Hand Weapons
 a - a +0 long sword (weapon)
Armour
 b - a +0 scale mail (worn)
 c - a +0 buckler (worn)
Scrolls
 h - a scroll of enchant armour {unknown}
 i - a scroll of acquirement
 n - a scroll of magic mapping {unknown}
Potions
 d - a potion of might
 e - a potion of curing
 f - a potion of invisibility {unknown}
 g - a potion of attraction {unknown}
 j - a potion of flight {unknown}
 k - a potion of magic {unknown}
 l - a potion of haste {unknown}
 m - a potion of berserk rage {unknown}


   Skills:
 + Level 4.0 Fighting
 + Level 4.1 Long Blades
 + Level 4.5 Armour
 + Level 1.1 Dodging
 + Level 4.1 Shields


You had 3 spell levels left.
You didn't know any spells.
Your spell library contained the following spells:

 Spells                   Type           Power      Damage    Failure   Level
 Pain                     Necr           0%         1d4       88%         1
 Dazzling Flash           Conj/Hex       0%         N/A       99%         3
 Agony                    Necr           0%         N/A       100%        5
 Silence                  Hex/Air        0%         N/A       100%        5


Dungeon Overview and Level Annotations

Branches:
Dungeon (3/15)

Altars:
Xom


Innate Abilities, Weirdness & Mutations

You have a pair of horns on your head.
You reflexively headbutt those who attack you in melee.


Message History

It was a potion of curing.
You feel better. You block something's attack.
You slash something!
Reactivating autopickup.
You feel a bit more experienced.
You hear some strange, mumbled words.
Deactivating autopickup; reactivate with Ctrl-A.
Something tries to affect you, but you resist.
Your Long Blades skill increases to level 4!
You hear some strange, mumbled words.
A magic dart appears from out of thin air!
The magic dart hits you.
* * * LOW HITPOINT WARNING * * *
Items here: )) [[ ††.
You closely miss something.
You hear some strange, mumbled words.
You are confused.
Something hits you but does no damage.
You bump into the rock wall.
Something hits you but does no damage.
You bump into the rock wall.
Something hits you but does no damage.
You barely miss something. Something hits you but does no damage.
You barely miss something. Your headbutt misses something. Something hits you.
* * * LOW HITPOINT WARNING * * *
You hit something but do no damage. Your headbutt misses something.
Something hits you but does no damage.
You bump into the rock wall.
Something hits you.
* * * LOW HITPOINT WARNING * * *
You bump into the rock wall.
You feel less confused. Something hits you but does no damage.
You barely miss something.
Something hits you but does no damage. x2
You slash something! Your headbutt misses something.
You hear some strange, mumbled words.
Something tries to affect you, but you resist.
You miss something. Something hits you.
* * * LOW HITPOINT WARNING * * *
You barely miss something.
You hear some strange, mumbled words.
A magic dart appears from out of thin air!
The magic dart hits you!
You die...

### .. #.# .. .#
#. .#
######.#####.###.
.......{@........
#######.####.###.
.## #..##..#
...#####.[#.#
#.....##...##
#..... ##...#
#..... #....#
#..... #.##..#
#.....##.# #....


There were no monsters in sight!

Vanquished Creatures
  Terence (D:2)
  An orc wizard (D:3)
  An adder (D:2)
  2 dart slugs
  An orc (D:3)
  3 endoplasms
  3 giant cockroaches
  7 goblins
  7 hobgoblins
  4 jackals (D:2)
  3 quokkas
  7 ball pythons
  A frilled lizard (D:2)
  3 kobolds (D:2)
  3 rats
47 creatures vanquished.

Vanquished Creatures (others)
  A fungus (D:2)
  2 plants (D:2)
3 creatures vanquished.

Grand Total: 50 creatures vanquished

Notes
Turn   | Place    | Note
-------+----------+-------------------------------------------
     0 | D:1      | Peloso the Minotaur Fighter began the quest for the Orb.
     0 | D:1      | Reached XP level 1. HP: 19/19 MP: 0/0
    90 | D:1      | HP: 1/20 [quokka (1)]
   673 | D:1      | Reached XP level 2. HP: 23/27 MP: 1/1
  1336 | D:1      | Identified a scroll of acquirement
  1513 | D:2      | Reached skill level 1 in Dodging
  1513 | D:2      | Reached XP level 3. HP: 33/33 MP: 2/2
  1566 | D:2      | Found a shimmering altar of Xom.
  1729 | D:2      | Found a faded altar of an unknown god.
  1738 | D:2      | Got Plato's Compendium of Evil Arts
  1966 | D:2      | Noticed Terence
  1974 | D:2      | Killed Terence
  1975 | D:2      | Reached XP level 4. HP: 40/40 MP: 3/3
  2193 | D:3      | Killed from afar by an orc wizard

Illustrated notes

Levels and vault maps discovered:
D:1:      sevenhm_arrival_forest_fort_large_2, layout_basic
D:2:      layout_basic, basic_altar, shapermc_ecumenical_altar_rom_forum,
          uniq_terence
D:3:      layout_rooms, mainiacjoe_overflow_alcove_1, corner_web_ring

Skill      XL: |  1  2  3  4 |
---------------+-------------+-----
Armour         | 4 |  4.5
Shields        | 4 |  4.1
Dodging        | 1 |  1.1
Long Blades    | 3 4 |  4.1
Fighting       | 4 |  4.0

Action                   |  1- 3 |  4- 6 || total
-------------------------+-------+-------++-------
Melee: Long sword        |   105 |    34 ||   139
       Headbutt          |    14 |     2 ||    16
  Use: Scroll            |     2 |       ||     2
       Potion            |       |     1 ||     1
Armor: Scale mail        |    43 |    33 ||    76
Dodge: Dodged            |    55 |     9 ||    64
Block: Buckler           |    27 |     5 ||    32
